Map: Ruins of Seras

Players

MorN - Winner!

  • Race: Terran Terran
  • League: Master

TAGurPRGNANT

  • Race: Terran Terran
  • League: Grandmaster

VOD

Have the link to the VOD?

Description

Time

  • Played on: Nov. 17, 2015, 7:39 p.m.
  • Length: 9:00
Show
View Real Time Build Order
Export as new Build Order

MorN Terran - Winner!

Build Orders: Banshee Rush 

Get SALT Encoding   

  12  0:01  SCV  
  13  0:13  SCV  
  14  0:18  Supply Depot  
  14  0:25  SCV  
  15  0:39  SCV, Refinery  
  16  0:45  Barracks  
  16  0:53  SCV  
  17  1:05  SCV  
  18  1:18  SCV  
  19  1:33  Orbital Command  
  19  1:35  Marine  
  20  1:46  Command Center  
  20  1:54  Factory  
  20  1:58  Marine  
  21  2:06  Supply Depot  
  21  2:10  SCV  
  22  2:17  Marine  
  22  2:21  Refinery  
  23  2:28  SCV  
  24  2:40  SCV  
  24  2:41  Starport, Marine  
  26  2:52  SCV  
  26  2:57  Orbital Command  
  27  2:59  Marine  
  27  3:02  Factory Tech Lab  
  28  3:06  SCV  
  29  3:18  SCV  
  30  3:26  SCV  
  31  3:27  Factory Reactor  
  31  3:28  Banshee, Cloaking Field  
  31  3:30  SCV  
  35  3:35  Marine  
  37  3:41  SCV  
  37  3:45  SCV, Supply Depot  
  38  3:53  SCV, Marine  
  40  3:57  SCV  
  40  4:05  SCV  
  41  4:10  SCV, Banshee  
  41  4:15  Factory Tech Lab  
  45  4:18  SCV  
  45  4:22  Marine x2  
  45  4:23  Command Center  
  48  4:25  SCV  
  48  4:30  SCV  
  50  4:32  Supply Depot  
  50  4:34  Siege Tank  
  50  4:37  SCV  
  54  4:40  Supply Depot  
  54  4:54  SCV, Marine x2  
  57  5:00  Barracks x2  
  57  5:01  SCV, Engineering Bay x2  
  57  5:03  Starport Reactor  
  55  5:17  Siege Tank  
  55  5:18  Marine  
  47  5:33  Marine  
  44  5:36  Marine  
  44  5:42  SCV  
  39  5:50  Marine  
  32  5:59  SCV  
  32  6:00  Viking x2  
  32  6:02  SCV  
  32  6:03  SCV  
  40  6:11  SCV, Siege Tank, Marine x2  
  40  6:12  Combat Shields  
  40  6:16  Barracks Reactor  
  45  6:19  SCV  
  46  6:27  Marine  
  46  6:28  SCV  
  46  6:29  Marine x2  
  48  6:44  Medivac  
  48  6:46  SCV  
  49  6:48  SCV  
  50  6:58  SCV x2  
  50  6:59  Marine  
  50  7:00  SCV  
  54  7:07  Marine  
  55  7:10  SCV x2  
  57  7:16  SCV  
  57  7:17  Medivac  
  61  7:23  Refinery  
  61  7:24  Refinery  
  60  7:30  Orbital Command  
  60  7:31  SCV  
  61  7:37  Marine  
  61  7:39  Marine  
  63  7:45  Medivac  
  63  7:50  Marine x2  
  67  7:54  Marine  
  67  7:55  Marine  
  67  7:57  Marine  
  67  7:58  SCV  
  71  8:00  Supply Depot  
  71  8:08  SCV, Marine x2  
  71  8:12  Marine  
  75  8:13  Marine  
  75  8:14  SCV x2  
  75  8:15  Marine  
  79  8:26  SCV, Marine x2  
  79  8:30  Supply Depot, Marine  
  79  8:31  Marine  
  79  8:32  Marine  
  82  8:34  SCV  
  83  8:44  SCV  
  83  8:46  Supply Depot  
  83  8:47  Missile Turret  
Show
View Real Time Build Order
Export as new Build Order

TAGurPRGNANT Terran 

Build Orders: Liberator Opening, Reaper Expand 

Get SALT Encoding   

  12  0:01  SCV  
  13  0:13  SCV  
  14  0:18  Supply Depot  
  14  0:25  SCV  
  15  0:40  SCV  
  16  0:43  Barracks  
  16  0:48  Refinery  
  16  0:52  SCV  
  17  1:04  SCV  
  18  1:16  SCV  
  19  1:30  Orbital Command  
  19  1:31  Reaper  
  20  1:46  Command Center  
  20  1:56  Supply Depot  
  20  1:58  SCV  
  21  2:04  Barracks Reactor  
  21  2:07  Refinery  
  21  2:18  SCV  
  22  2:26  Factory  
  22  2:30  SCV  
  23  2:40  Marine x2  
  23  2:43  SCV  
  26  2:58  Marine x2  
  26  2:59  SCV  
  26  3:02  Orbital Command  
  29  3:11  Factory Tech Lab  
  29  3:12  Starport  
  29  3:22  Marine x2  
  29  3:24  SCV  
  31  3:30  Siege Tank  
  31  3:32  SCV  
  31  3:33  Liberator  
  35  3:37  SCV  
  35  3:38  Supply Depot  
  35  3:40  Marine x2  
  38  3:46  Barracks  
  38  3:52  SCV  
  42  3:59  Marine x2  
  42  4:02  SCV  
  45  4:04  SCV  
  45  4:07  Siege Tank  
  49  4:10  Supply Depot  
  49  4:20  SCV, Barracks  
  49  4:22  Marine x2  
  52  4:30  SCV  
  53  4:33  Barracks Tech Lab  
  53  4:38  Refinery  
  53  4:40  Supply Depot  
  53  4:41  Engineering Bay  
  53  4:42  Starport Reactor  
  53  4:47  SCV x2  
  58  4:53  Stimpack  
  58  4:54  Marauder  
  58  4:58  Supply Depot  
  55  5:14  Engineering Bay  
  55  5:15  SCV  
  55  5:19  Missile Turret  
  51  5:28  Siege Tank, Marine  
  51  5:29  SCV, Marine  
  51  5:43  Marine  
  35  6:00  Marine  
  35  6:07  Marine  
  36  6:14  SCV, Missile Turret  
  37  6:24  SCV  
  36  6:26  Marine  
  36  6:35  Viking  
  38  6:41  SCV  
  38  6:42  Marine  
  38  6:45  Barracks Reactor  
  38  6:46  SCV  
  38  6:53  SCV  
  38  6:58  SCV  
  39  7:06  SCV, Refinery  
  40  7:10  SCV  
  41  7:18  SCV  
  41  7:21  Marine x3  
  41  7:22  SCV  
  46  7:30  SCV  
  46  7:34  SCV, Refinery  
  48  7:40  Missile Turret  
  48  7:42  SCV, Medivac  
  51  7:46  SCV  
  52  7:52  Medivac  
  52  7:54  SCV  
  55  7:58  SCV  
  56  8:06  SCV  
  56  8:08  Marine x2  
  56  8:09  Marine x2  
  56  8:10  Marine  
  56  8:11  SCV  
  63  8:16  Siege Tank  
  63  8:18  SCV  
  67  8:23  SCV  
  67  8:26  Marine x2  
  70  8:33  SCV, Marine x2  
  70  8:34  Supply Depot  
Tags
 
Add a new tag
Caveats
  • Supply blocks, unpowered buildings, or Contaminate may cause inaccurate times.
  • Supply counts are checked every 10 seconds.